Map: Frost LE

Players

MaDMax

  • Race: Terran Terran

Karsa - Winner!

  • Race: Zerg Zerg
  • League: Platinum

VOD

Have the link to the VOD?

Description

Time

  • Played on: Oct. 22, 2016, 11:14 a.m.
  • Length: 19:16
Show
View Real Time Build Order
Export as new Build Order

MaDMax Terran 

Build Orders: Liberator Opening, MMM Bio 

Get SALT Encoding   

  12  0:01  SCV  
  14  0:14  SCV  
  14  0:19  Supply Depot  
  14  0:26  SCV  
  15  0:40  SCV  
  16  0:43  Barracks  
  16  0:45  Refinery  
  16  0:53  SCV  
  17  1:06  SCV  
  18  1:18  SCV  
  19  1:30  SCV  
  19  1:31  Reaper  
  21  1:42  Orbital Command  
  21  1:50  Command Center, Unknown  
  21  2:11  Factory  
  21  2:13  Marine  
  22  2:17  Refinery  
  22  2:27  Supply Depot  
  22  2:31  Marine  
  23  2:43  Supply Depot  
  23  2:48  SCV  
  24  2:55  Starport  
  24  3:00  SCV  
  24  3:02  Unknown  
  24  3:04  Barracks  
  24  3:05  Hellion  
  27  3:13  Orbital Command  
  27  3:18  Barracks Reactor  
  27  3:19  Liberator  
  27  3:27  SCV  
  27  3:36  Hellion  
  27  3:40  SCV  
  33  3:43  SCV  
  33  3:48  Bunker  
  34  3:56  Marine  
  34  3:58  Barracks Tech Lab, Hellion  
  34  4:00  SCV x2  
  39  4:13  SCV x2, Engineering Bay  
  41  4:20  Stimpack, Supply Depot  
  41  4:27  Factory Reactor  
  41  4:28  Medivac  
  41  4:30  Marine  
  41  4:31  Marine x2  
  44  4:48  Marine  
  44  4:49  Marauder, Marine  
  46  5:05  SCV, Medivac  
  46  5:06  Marine x2  
  50  5:08  SCV  
  50  5:10  Marauder  
  54  5:21  SCV  
  55  5:27  Refinery  
  55  5:28  Refinery  
  55  5:30  SCV  
  55  5:32  Marauder, Marine  
  55  5:34  Widow Mine  
  61  5:39  Supply Depot  
  61  5:40  Terran Infantry Weapons Level 1, Supply Depot  
  61  5:55  Marine  
  62  6:00  Marauder, Supply Depot x2, Marine, Widow Mine  
  67  6:13  Marine  
  67  6:18  Marine  
  64  6:22  Marauder  
  57  6:30  Marine  
  57  6:32  Combat Shields  
  56  6:35  Marine  
  57  6:43  Marauder  
  57  6:44  SCV  
  60  6:48  Marine  
  60  6:53  SCV, Barracks, Unknown, Command Center  
  60  6:54  Barracks  
  62  6:55  Barracks  
  62  6:56  SCV  
  63  7:01  Starport Reactor  
  63  7:05  Marauder  
  65  7:11  Missile Turret  
  65  7:13  Missile Turret  
  65  7:15  SCV  
  65  7:16  SCV, Missile Turret  
  65  7:17  Marine x2  
  69  7:26  Marauder  
  71  7:30  SCV x2  
  71  7:35  Marine  
  74  7:38  Liberator x2  
  74  7:49  Barracks Reactor x2  
  74  7:50  Barracks Reactor  
  74  7:52  SCV x2  
  74  7:53  Widow Mine x2  
  74  7:56  Terran Infantry Armor Level 1  
  86  7:59  Engineering Bay  
  86  8:03  Armory  
  86  8:04  SCV x2  
  86  8:05  Unknown  
  85  8:16  SCV  
  85  8:19  Marauder, Marine x2  
  90  8:21  Widow Mine  
  90  8:22  SCV  
  90  8:24  Orbital Command  
  93  8:28  SCV  
  94  8:35  SCV  
  94  8:36  Marine  
  94  8:40  SCV  
  94  8:41  Marauder  
  99  8:44  Barracks  
  99  8:45  Barracks  
  82  8:56  Marine x4  
  82  9:02  Marauder  
  81  9:10  Terran Infantry Weapons Level 2  
  81  9:12  Widow Mine  
  81  9:13  Widow Mine  
  85  9:23  Marauder  
  87  9:27  Marine x2  
  87  9:28  Marine x2  
  91  9:32  SCV x2  
  91  9:33  SCV  
  94  9:44  SCV x2, Barracks Reactor x2  
  94  9:45  SCV, Marauder  
  99  9:49  Marine x2  
  99  9:50  Marine x4  
  99  9:51  Terran Infantry Armor Level 2  
  105  9:56  SCV x2  
  105  9:59  Supply Depot  
  107  10:00  Supply Depot  
  107  10:01  SCV  
  107  10:05  Terran Ship Weapons Level 1  
  108  10:08  SCV  
  109  10:21  Marauder  
  93  10:42  Marauder  
  86  10:44  Marine x5  
  86  10:45  Marine x6  
  95  10:57  Marine  
  95  11:02  Marine  
  95  11:04  Marauder  
  98  11:15  Medivac x2  
  102  11:25  Marauder  
  98  11:28  Liberator  
  94  11:46  Marauder  
  95  11:57  Liberator  
  95  12:00  Marine  
  95  12:01  Marine x4  
  94  12:02  Marine  
  94  12:05  Terran Infantry Weapons Level 3  
  94  12:06  SCV x2  
  94  12:08  Marauder  
  102  12:11  Marine x4  
  102  12:12  Marine  
  110  12:20  Starport  
  110  12:28  Widow Mine  
  110  12:29  Marauder, Widow Mine, Refinery  
  116  12:30  Barracks, Refinery  
  116  12:32  Barracks  
  116  12:33  Barracks  
  116  12:35  Marine x2  
  116  12:36  Marine  
  116  12:37  Marine x6  
  119  12:38  Command Center, Unknown  
  119  12:41  Supply Depot  
  119  12:43  Supply Depot x3  
  125  12:46  Supply Depot  
  125  12:47  Supply Depot, Marine  
  125  12:48  Terran Infantry Armor Level 3, Liberator x2  
  125  13:03  Marauder  
  132  13:18  Marine x4  
  132  13:19  Marine x2, Widow Mine x2  
  138  13:24  Marauder  
  119  13:46  Marauder  
  119  13:48  Widow Mine  
  100  13:49  Unknown  
  100  13:52  SCV  
  100  13:53  Marine x3  
  100  13:54  Marine x3  
  100  13:55  Medivac x2  
  109  14:06  Barracks Reactor  
  109  14:07  Marauder  
  109  14:09  Marine x2  
  113  14:10  Barracks Reactor  
  113  14:28  Marauder  
  115  14:32  Medivac x2  
  115  14:35  Starport Reactor  
  115  14:36  Marine x2  
  115  14:37  Marine x6  
  127  14:45  Liberator x2  
  126  14:50  Marauder  
  128  14:54  Marine x2  
  128  14:55  Marine  
  120  15:11  Marauder  
  119  15:23  Marine x7  
  119  15:24  Marine x3  
  115  15:32  Marauder  
  102  15:36  Marine x5  
  102  15:37  Marine x2  
  102  15:38  Medivac x2  
  102  15:40  Marine x2  
  102  15:41  Marine x2  
  112  15:49  Marine x4  
  109  15:50  Marine x2  
  109  15:54  Marauder  
  115  16:07  Viking  
  115  16:08  Marine x4  
  121  16:15  Marauder  
  86  16:35  Marine x4  
  86  16:36  Marine x2  
  86  16:37  Marauder  
  92  16:40  Medivac  
  94  16:56  Marine x3  
  94  16:57  Medivac  
  94  16:58  Marauder  
  94  17:01  Liberator x3  
  101  17:15  Planetary Fortress  
  101  17:19  Marauder  
  112  17:24  SCV x2  
  112  17:26  Barracks Reactor  
  114  18:06  Marine  
  114  18:07  Marauder, Marine x3  
  120  18:23  Command Center, Unknown  
  120  18:29  Marauder  
  120  18:31  Marine x5  
  120  18:32  Marine  
  115  18:50  Marauder  
  115  18:53  Marine x3  
  115  18:54  Marine  
Show
View Real Time Build Order
Export as new Build Order

Karsa Zerg - Winner!

Build Orders: Hatch First 

Get SALT Encoding   

  12  0:01  Drone  
  13  0:13  Overlord  
  13  0:18  Drone  
  14  0:31  Drone  
  14  0:32  Drone  
  16  0:37  Drone  
  17  0:54  Unknown, Hatchery  
  16  0:59  Drone  
  16  1:00  Drone  
  18  1:13  Extractor  
  18  1:17  Spawning Pool  
  16  1:18  Drone  
  16  1:20  Drone  
  18  1:29  Drone  
  19  1:40  Overlord  
  19  1:51  Drone  
  20  2:06  Queen x2, Unknown  
  20  2:07  Zergling x4  
  26  2:19  Metabolic Boost  
  26  2:35  Drone x4  
  26  2:36  Drone  
  31  2:40  Drone  
  32  2:59  Drone x3  
  35  3:22  Unknown, Hatchery  
  35  3:25  Overlord x2  
  34  3:28  Drone x2  
  36  3:37  Baneling Nest  
  36  3:38  Drone  
  36  3:45  Drone  
  36  3:46  Drone x4  
  41  3:58  Evolution Chamber  
  41  4:01  Evolution Chamber  
  39  4:03  Drone x2  
  39  4:07  Queen  
  39  4:09  Pneumatized Carapace  
  43  4:14  Drone x5  
  43  4:15  Drone x2  
  50  4:27  Zerg Melee Weapons Level 1  
  50  4:33  Unknown  
  50  4:42  Zergling x10  
  50  4:43  Zergling x6  
  53  4:57  Spore Crawler  
  51  5:05  Extractor  
  51  5:06  Drone x4  
  54  5:15  Queen  
  54  5:18  Overlord x2  
  56  5:27  Zerg Missile Weapons Level 1  
  57  5:28  Zergling x4  
  57  5:35  Overlord x2  
  58  5:38  Drone  
  58  5:39  Drone x2  
  58  5:40  Extractor  
  58  5:41  Zergling x6  
  63  5:58  Drone x3  
  63  5:59  Drone x5  
  61  6:28  Spore Crawler  
  60  6:35  Zergling x14  
  60  6:36  Zergling x6  
  69  6:48  Drone x7  
  69  6:49  Drone  
  69  6:53  Zergling x8  
  81  6:55  Lair  
  81  7:05  Unknown, Hatchery  
  81  7:08  Zergling x6  
  83  7:14  Drone x3  
  86  7:26  Drone x3  
  86  7:27  Drone  
  90  7:30  Overlord x4  
  89  7:37  Unknown, Hatchery  
  84  8:11  Drone x7  
  91  8:16  Unknown  
  92  8:27  Zergling x16  
  92  8:28  Zergling x8  
  92  8:34  Zerg Missile Weapons Level 2, Zerg Melee Weapons Level 2  
  103  8:40  Infestation Pit  
  103  8:41  Zergling x8  
  103  8:42  Zergling x10  
  103  8:49  Unknown  
  87  9:00  Overseer  
  87  9:14  Zergling x6  
  87  9:15  Zergling x16  
  87  9:16  Zergling x4  
  100  9:19  Hive  
  100  9:29  Centrifical Hooks  
  100  9:34  Pathogen Glands  
  100  9:37  Extractor  
  99  9:39  Zergling x2  
  99  9:40  Zergling x18  
  99  9:45  Drone x3  
  112  9:46  Extractor, Drone  
  112  9:51  Extractor  
  111  9:55  Drone x2  
  111  9:56  Drone x2  
  115  10:02  Drone x5  
  115  10:04  Zergling x2  
  115  10:05  Zergling x8  
  68  10:41  Zergling x4  
  68  10:42  Zergling x14  
  67  10:43  Zergling x10  
  67  10:50  Drone x5  
  67  10:51  Drone x3  
  67  10:54  Zerg Melee Weapons Level 3, Zerg Missile Weapons Level 3  
  74  11:00  Ultralisk Cavern  
  69  11:14  Drone x5  
  69  11:15  Drone x2  
  71  11:27  Zergling x18  
  78  11:38  Zergling x4  
  81  11:54  Ultralisk x7  
  92  11:56  Chitinous Plating  
  114  12:12  Drone x6  
  114  12:13  Drone x3  
  123  12:17  Zergling x2  
  123  12:19  Queen  
  126  12:31  Overlord  
  126  12:32  Overlord x4  
  126  12:37  Unknown, Hatchery  
  125  12:45  Spire  
  124  12:55  Extractor  
  123  12:59  Extractor  
  123  13:03  Zergling x6  
  123  13:04  Ultralisk x2  
  123  13:05  Ultralisk, Zergling x2  
  143  13:06  Zergling x14  
  151  13:24  Spore Crawler  
  151  13:25  Zergling x6  
  151  13:26  Ultralisk  
  158  13:39  Unknown, Hatchery  
  128  13:49  Unknown  
  122  14:05  Spore Crawler  
  121  14:14  Drone x7  
  121  14:15  Drone x4  
  121  14:16  Zergling x4  
  121  14:17  Corruptor x2, Zergling x2  
  139  14:30  Corruptor x4  
  139  14:31  Corruptor x2  
  140  14:46  Zergling x4  
  140  14:47  Zergling x12  
  140  14:51  Unknown  
  148  14:53  Corruptor x2  
  96  15:35  Ultralisk  
  96  15:36  Ultralisk x3  
  96  15:37  Zergling x6  
  96  15:38  Zergling x8  
  119  15:52  Ultralisk  
  119  15:54  Zergling x6  
  128  16:02  Drone x3  
  128  16:03  Drone x3  
  134  16:13  Ultralisk  
  124  16:37  Ultralisk x2  
  136  16:45  Drone x5  
  136  16:46  Drone  
  142  16:58  Ultralisk  
  148  17:12  Ultralisk  
  154  17:30  Ultralisk  
  154  17:35  Overseer x2  
  160  17:37  Unknown, Hatchery  
  160  17:40  Overseer x2  
  140  18:16  Viper  
  140  18:17  Drone x2  
  163  18:49  Unknown  
Tags
 
Add a new tag
Caveats
  • Supply blocks, unpowered buildings, or Contaminate may cause inaccurate times.
  • Supply counts are checked every 10 seconds.